Map: [ESL] Site Delta

Players

Scarlett

  • Race: Zerg Zerg
  • Spawn Location: 11:00

HeroMarine - Winner!

  • Race: Terran Terran
  • Spawn Location: 5:00

Event: IEM Katowice 2024

VOD

Have the link to the VOD?

Description

Time

  • Played on: Feb. 9, 2024, 7:50 a.m.
  • Length: 15:08

All games in this series

Show
View Real Time Build Order
Export as new Build Order

Scarlett Zerg 

Build Orders: Hatch First 

Get SALT Encoding   

  12  0:00  Drone  
  13  0:12  Overlord  
  13  0:17  Drone  
  14  0:30  Drone x2  
  16  0:46  Hatchery  
  15  0:50  Drone  
  15  0:53  Drone  
  17  0:57  Drone  
  18  1:08  Extractor  
  17  1:12  Spawning Pool  
  17  1:15  Drone  
  17  1:18  Drone  
  18  1:27  Drone  
  19  1:38  Drone  
  20  1:49  Drone  
  21  1:59  Queen x2  
  21  2:00  Zergling x4  
  27  2:09  Drone  
  27  2:10  Overlord  
  28  2:19  Hatchery  
  28  2:21  Drone  
  28  2:29  Drone  
  29  2:31  Drone  
  29  2:32  Drone  
  31  2:39  Queen  
  31  2:43  Metabolic Boost  
  32  2:45  Drone  
  32  2:49  Overlord  
  33  2:52  Drone  
  33  2:57  Drone  
  35  3:07  Drone  
  35  3:10  Queen  
  35  3:11  Drone x2  
  40  3:14  Drone  
  41  3:20  Drone x2  
  43  3:28  Drone  
  43  3:29  Overlord  
  43  3:30  Queen  
  46  3:37  Drone  
  46  3:41  Drone x3  
  50  3:45  Overlord  
  50  3:47  Queen  
  52  3:51  Drone x5  
  57  4:01  Zergling x2  
  58  4:05  Zergling x4  
  59  4:10  Drone x3, Queen  
  59  4:13  Overlord  
  64  4:17  Drone  
  64  4:23  Overlord  
  65  4:25  Overlord  
  65  4:28  Overlord  
  65  4:30  Overlord  
  65  4:31  Queen  
  65  4:33  Drone x4  
  71  4:42  Drone x5  
  71  4:44  Lair  
  71  4:45  Drone x3  
  79  4:48  Queen  
  81  4:56  Drone x5, Overlord  
  81  4:59  Spore Crawler  
  85  5:02  Spore Crawler x2  
  85  5:04  Evolution Chamber  
  82  5:09  Hatchery  
  82  5:13  Extractor x2  
  82  5:14  Extractor, Drone  
  79  5:15  Drone x4  
  79  5:19  Evolution Chamber  
  79  5:20  Evolution Chamber  
  82  5:22  Drone x4  
  82  5:25  Drone x3  
  89  5:33  Zergling x8  
  91  5:38  Extractor  
  91  5:39  Drone x2  
  91  5:41  Extractor  
  91  5:47  Drone x3  
  91  5:49  Overlord  
  93  5:53  Overseer  
  93  5:54  Hydralisk Den  
  93  5:57  Overseer, Zerg Missile Weapons Level 1, Zerg Ground Armor Level 1  
  92  5:58  Drone x8  
  92  6:01  Overlord  
  100  6:05  Overseer  
  100  6:08  Overlord  
  100  6:14  Drone x6  
  104  6:28  Drone x6  
  110  6:32  Spore Crawler, Grooved Spines  
  110  6:33  Hydralisk x2  
  110  6:37  Drone  
  114  6:40  Overlord x4  
  114  6:42  Hydralisk  
  116  6:48  Hydralisk x2  
  115  6:54  Hydralisk x4  
  115  7:01  Queen x4  
  117  7:02  Hydralisk x3  
  117  7:04  Extractor  
  117  7:05  Extractor  
  129  7:15  Hydralisk x6  
  126  7:20  Hatchery  
  126  7:21  Drone  
  136  7:23  Infestation Pit  
  136  7:25  Hydralisk x2  
  125  7:42  Overseer, Hydralisk  
  125  7:43  Hydralisk x4  
  129  7:48  Hydralisk x2  
  129  7:50  Hydralisk  
  115  7:51  Zergling x16  
  117  7:59  Hydralisk x2  
  117  8:03  Hydralisk x2  
  121  8:07  Hydralisk  
  121  8:08  Hydralisk  
  121  8:09  Queen x3  
  121  8:11  Hydralisk  
  121  8:12  Zergling x6  
  130  8:16  Hydralisk  
  122  8:20  Hydralisk x2  
  122  8:21  Zergling x14  
  125  8:31  Zerg Missile Weapons Level 2  
  125  8:32  Zergling x8, Spore Crawler  
  128  8:37  Hydralisk  
  128  8:38  Hydralisk x3  
  136  8:44  Overseer  
  136  8:45  Pneumatized Carapace  
  136  8:52  Overseer  
  136  8:53  Drone x6  
  142  8:56  Hydralisk x4  
  142  8:58  Overlord x2  
  150  9:03  Muscular Augments, Overlord  
  150  9:05  Drone  
  150  9:09  Overlord x3  
  150  9:14  Baneling Nest  
  149  9:21  Overseer  
  149  9:22  Hydralisk x6  
  161  9:27  Hydralisk x2  
  161  9:28  Zergling x2  
  161  9:30  Zergling x4  
  156  9:31  Overseer  
  156  9:34  Hydralisk x2  
  156  9:35  Zergling x2  
  141  9:41  Hydralisk x4  
  143  9:49  Hydralisk x4  
  148  9:54  Hydralisk x2  
  148  9:56  Zergling x6  
  148  9:58  Spore Crawler  
  154  10:03  Infestor  
  154  10:05  Drone x4  
  155  10:11  Overseer  
  151  10:15  Infestor  
  151  10:16  Overlord x4  
  151  10:17  Drone x4  
  151  10:19  Queen  
  154  10:28  Overlord  
  154  10:29  Overlord x3  
  154  10:30  Drone x4  
  154  10:32  Overseer  
  154  10:35  Drone x4  
  159  10:38  Zerg Ground Armor Level 2  
  159  10:40  Centrifugal Hooks  
  159  10:42  Zergling x4  
  161  10:46  Zergling x6  
  161  10:47  Overlord  
  164  11:04  Hydralisk x11  
  164  11:05  Zergling x2  
  176  11:13  Hydralisk x4  
  176  11:17  Hydralisk x4  
  176  11:18  Zergling x2  
  157  11:23  Hydralisk x3  
  157  11:30  Hydralisk x3  
  160  11:37  Hydralisk x3  
  160  11:38  Zergling x4  
  144  11:49  Hydralisk x5  
  144  11:50  Zergling x16  
  158  11:55  Drone  
  158  12:00  Drone x4  
  161  12:02  Queen  
  161  12:07  Zerg Melee Weapons Level 1, Hive, Hatchery  
  155  12:13  Drone x5  
  157  12:16  Extractor  
  157  12:18  Drone x6  
  154  12:24  Baneling x6  
  154  12:27  Hydralisk x2  
  157  12:32  Zergling x4, Hydralisk x2  
  157  12:36  Hydralisk  
  163  12:43  Hydralisk x8  
  173  12:45  Zergling x8  
  173  12:51  Hydralisk x3  
  175  12:52  Zergling x2  
  175  12:56  Hydralisk x3  
  185  12:59  Zergling x2, Hydralisk  
  185  13:01  Hydralisk  
  185  13:03  Zergling x2  
  185  13:11  Hydralisk x4  
  185  13:12  Hydralisk  
  195  13:14  Drone x4  
  197  13:26  Hydralisk x2  
  197  13:30  Spine Crawler  
  197  13:31  Extractor, Spine Crawler  
  197  13:33  Drone x3  
  188  13:42  Zergling x2, Baneling x7  
  188  13:43  Zergling x26  
  186  13:50  Drone x2  
  180  13:57  Infestor x2  
  180  14:01  Zergling x6  
  185  14:07  Hydralisk x6  
  185  14:09  Baneling x2  
  194  14:16  Drone x5, Spine Crawler x2  
  194  14:17  Spine Crawler  
  196  14:21  Hydralisk  
  180  14:24  Hydralisk x2  
  183  14:34  Zergling x10  
  187  14:41  Zergling x10  
  186  14:48  Zergling x8  
Show
View Real Time Build Order
Export as new Build Order

HeroMarine Terran - Winner!

Build Orders: Reaper Expand, Hellion Banshee, Mech 

Get SALT Encoding   

  12  0:00  SCV  
  13  0:12  SCV  
  14  0:16  Supply Depot  
  14  0:24  SCV  
  15  0:38  SCV  
  15  0:40  Barracks  
  16  0:43  Refinery  
  16  0:50  SCV  
  17  1:02  SCV  
  18  1:14  SCV  
  19  1:26  Orbital Command, Reaper  
  20  1:38  Command Center  
  20  1:47  Supply Depot  
  20  1:52  SCV  
  21  1:58  Marine  
  22  2:04  SCV  
  23  2:11  Factory  
  23  2:16  SCV  
  23  2:19  Barracks Reactor  
  24  2:28  SCV  
  25  2:37  Command Center  
  25  2:40  SCV  
  26  2:50  Orbital Command  
  26  2:52  SCV  
  27  2:59  Starport  
  27  3:04  SCV  
  28  3:06  Refinery  
  28  3:09  Hellion  
  28  3:11  Hellion  
  32  3:14  Barracks Tech Lab  
  32  3:16  SCV  
  32  3:18  SCV  
  34  3:29  SCV  
  34  3:30  SCV  
  34  3:31  Hellion  
  34  3:32  Hellion  
  40  3:40  Marine  
  40  3:41  Banshee, SCV  
  45  3:42  SCV  
  46  3:49  Orbital Command  
  46  3:53  Hellion, SCV  
  46  3:54  SCV  
  50  3:58  Hellion  
  52  4:03  Supply Depot  
  52  4:06  SCV x2  
  54  4:13  Refinery  
  54  4:18  SCV  
  54  4:19  SCV  
  54  4:20  SCV  
  54  4:21  Factory  
  54  4:24  Cloaking Field  
  60  4:29  Hellion x2  
  61  4:31  Supply Depot  
  61  4:32  SCV x2  
  61  4:33  SCV  
  63  4:43  Barracks Reactor  
  63  4:44  SCV x2, Refinery  
  63  4:45  Banshee, SCV  
  69  4:56  SCV x2  
  69  4:57  Hellion x2  
  69  4:59  Orbital Command  
  75  5:04  Factory  
  73  5:08  SCV  
  73  5:09  SCV  
  73  5:14  Supply Depot  
  75  5:15  Supply Depot  
  75  5:18  Cyclone x2  
  75  5:20  SCV  
  75  5:21  SCV  
  81  5:25  SCV  
  81  5:27  Banshee, Barracks Tech Lab  
  85  5:32  Hyperflight Rotors  
  85  5:35  SCV x2, Refinery  
  87  5:36  Cyclone  
  87  5:37  Supply Depot, Refinery  
  87  5:38  SCV  
  87  5:40  Cyclone  
  92  5:46  Supply Depot x2  
  92  5:47  SCV x2  
  92  5:50  SCV  
  93  5:57  Cyclone  
  93  6:00  SCV x2  
  93  6:02  Cyclone, Hurricane Engines, SCV  
  100  6:09  Supply Depot  
  102  6:12  SCV x2  
  102  6:14  SCV  
  102  6:15  Banshee  
  108  6:18  Cyclone  
  108  6:24  SCV  
  110  6:25  SCV  
  110  6:26  Cyclone, SCV  
  110  6:29  Cyclone  
  110  6:32  Supply Depot  
  115  6:34  Siege Tank, Cyclone  
  115  6:36  SCV  
  119  6:45  SCV x2  
  119  6:48  SCV  
  119  6:50  Cyclone  
  117  6:59  Cyclone, Armory  
  117  7:00  Armory  
  116  7:01  Cyclone  
  116  7:06  Command Center, Banshee, Cyclone x2  
  121  7:17  SCV  
  121  7:20  SCV  
  121  7:22  Cyclone  
  121  7:23  Factory  
  121  7:24  Factory, SCV  
  120  7:31  Cyclone  
  120  7:33  Cyclone  
  118  7:38  Cyclone  
  118  7:39  SCV x2  
  118  7:42  Cyclone  
  120  7:46  Terran Vehicle Weapons Level 1  
  120  7:47  Terran Vehicle And Ship Armor Level 1  
  116  7:55  Cyclone  
  118  8:01  SCV x2  
  118  8:02  SCV  
  118  8:03  Cyclone  
  118  8:05  Banshee, Cyclone  
  125  8:08  Factory Tech Lab  
  125  8:09  Factory Tech Lab  
  125  8:10  Cyclone  
  127  8:14  Cyclone  
  127  8:16  SCV  
  127  8:17  SCV  
  127  8:18  SCV  
  122  8:27  Cyclone  
  122  8:28  Command Center  
  122  8:31  Siege Tank  
  122  8:33  Infernal Pre-Igniter  
  125  8:34  Siege Tank  
  125  8:35  Hellion  
  125  8:38  Hellion  
  125  8:39  SCV x2  
  125  8:40  SCV  
  135  8:42  Cyclone  
  135  8:45  Engineering Bay, Refinery x2  
  135  8:46  Cyclone  
  139  8:52  SCV x3  
  142  8:56  Hellion, Supply Depot  
  142  8:59  Hellion, Supply Depot  
  146  9:03  Siege Tank  
  146  9:04  SCV  
  146  9:06  Siege Tank  
  146  9:08  Hellion  
  155  9:11  Planetary Fortress  
  155  9:17  Supply Depot  
  155  9:18  Hellion x2, Factory  
  155  9:19  Factory, Supply Depot  
  159  9:25  Hellion  
  159  9:26  Cyclone  
  159  9:29  Cyclone  
  159  9:35  Cyclone  
  149  9:38  Siege Tank  
  149  9:40  Hellion x2  
  149  9:45  Command Center, SCV x2  
  148  9:46  Terran Vehicle Weapons Level 2  
  148  9:47  Hellion  
  148  9:49  Factory, SCV  
  151  9:59  Hellion  
  153  10:01  Siege Tank, Hellion x2  
  143  10:07  Siege Tank  
  143  10:08  Hellion  
  143  10:09  Factory Reactor x2  
  143  10:10  Siege Tank  
  143  10:12  Factory  
  142  10:19  Planetary Fortress  
  142  10:20  Hellion  
  142  10:21  Command Center  
  144  10:22  Hellion  
  144  10:23  Hellion  
  144  10:24  SCV  
  149  10:29  Hellion  
  149  10:33  Siege Tank, Factory Tech Lab  
  148  10:36  SCV  
  148  10:37  Terran Vehicle And Ship Armor Level 2, Refinery  
  148  10:38  Refinery  
  148  10:40  Hellion  
  148  10:41  Hellion  
  155  10:43  Hellion  
  155  10:44  Hellion x2  
  155  10:45  Cyclone x2  
  155  10:47  Sensor Tower  
  155  10:48  Cyclone  
  165  10:51  Hellion  
  165  10:52  Cyclone x2  
  171  10:59  Missile Turret  
  171  11:00  Orbital Command  
  171  11:01  Cyclone, Starport Reactor, Hellion  
  171  11:03  Sensor Tower  
  178  11:04  Siege Tank  
  178  11:05  Cyclone  
  178  11:08  Cyclone  
  178  11:10  Cyclone  
  172  11:14  Hellion x2  
  172  11:18  Hellion x2  
  157  11:20  Cyclone  
  157  11:23  Hellion  
  157  11:24  Hellion x2  
  159  11:33  Command Center  
  159  11:34  Cyclone  
  159  11:35  Cyclone  
  159  11:38  Cyclone x2  
  161  11:42  Cyclone x2  
  161  11:43  Cyclone  
  161  11:46  Cyclone x2  
  161  11:47  Siege Tank  
  157  11:50  Cyclone  
  157  11:53  Siege Tank  
  155  12:00  Cyclone  
  157  12:06  Cyclone  
  157  12:07  Cyclone  
  153  12:11  Siege Tank, Cyclone  
  153  12:15  Hellion  
  160  12:17  Terran Vehicle Weapons Level 3  
  160  12:19  Siege Tank  
  164  12:22  Siege Tank  
  164  12:23  SCV x2  
  164  12:25  Siege Tank  
  169  12:43  Siege Tank  
  158  12:46  Cyclone  
  158  12:47  Refinery  
  158  12:51  Siege Tank, Factory Tech Lab, Refinery  
  158  12:54  Hellion x2  
  158  12:55  Siege Tank  
  158  12:57  Siege Tank, Hellion  
  162  13:10  Cyclone  
  164  13:15  Siege Tank, Cyclone x2  
  171  13:21  Cyclone x2  
  171  13:23  Siege Tank  
  171  13:25  Cyclone x2  
  171  13:27  Siege Tank, Cyclone x2  
  189  13:29  Siege Tank  
  190  13:43  Cyclone  
  190  13:47  Siege Tank, Cyclone  
  190  13:48  Cyclone  
  190  13:51  Planetary Fortress  
  190  13:53  Cyclone  
  190  13:55  Siege Tank, Hellion  
  197  13:57  Hellion  
  197  14:01  Command Center  
  197  14:02  Cyclone  
  199  14:09  Siege Tank  
  198  14:21  Siege Tank  
  198  14:23  Hellion x2  
  197  14:28  Siege Tank  
  197  14:29  Starport  
  197  14:30  Starport  

Tags
 
Add a new tag
Caveats
  • Supply blocks, unpowered buildings, or Contaminate may cause inaccurate times.
  • Supply counts are checked every 10 seconds.